Map: [ESL] Data-C

Players

SlavaZA

  • Race: Protoss Protoss
  • Spawn Location: 3:00

BabyMarine - Winner!

  • Race: Terran Terran
  • Spawn Location: 9:00

Event: DreamHack SC2 Masters 2022 Valencia

VOD

Have the link to the VOD?

Description

Time

  • Played on: July 1, 2022, 6:05 a.m.
  • Length: 9:12

All games in this series

Show
View Real Time Build Order
Export as new Build Order

SlavaZA Protoss 

Build Orders: 1 Gate Expand, Blink Stalkers 

Get SALT Encoding   

  12  0:00  Probe  
  13  0:12  Probe  
  14  0:17  Pylon  
  14  0:24  Probe  
  15  0:35  Gateway  
  15  0:38  Probe  
  16  0:50  Probe (Chrono Boost)  
  17  1:00  Assimilator  
  17  1:02  Probe (Chrono Boost)  
  18  1:09  Probe (Chrono Boost)  
  19  1:17  Probe  
  20  1:25  Nexus  
  20  1:29  Probe  
  21  1:35  Assimilator  
  21  1:41  Probe  
  21  1:46  Cybernetics Core  
  22  1:58  Probe  
  23  2:01  Pylon  
  23  2:19  Stalker (Chrono Boost), Probe  
  26  2:23  Warp Gate  
  26  2:32  Probe  
  27  2:41  Stalker  
  27  2:50  Probe x2 (Chrono Boost)  
  28  2:59  Probe (Chrono Boost)  
  28  3:01  Probe (Chrono Boost)  
  30  3:07  Twilight Council  
  30  3:11  Stalker  
  30  3:12  Probe (Chrono Boost)  
  33  3:13  Probe (Chrono Boost)  
  34  3:25  Probe (Chrono Boost), Robotics Facility  
  34  3:26  Probe (Chrono Boost)  
  35  3:33  Probe  
  37  3:35  Probe  
  37  3:39  Pylon  
  38  3:45  Probe  
  38  3:47  Blink (Chrono Boost)  
  38  3:48  Probe  
  40  3:55  Gateway  
  40  3:58  Probe  
  40  4:00  Probe  
  42  4:10  Probe  
  42  4:12  Probe  
  42  4:14  Observer (Chrono Boost)  
  42  4:16  Stalker  
  47  4:22  Probe  
  47  4:23  Observer  
  48  4:24  Probe  
  48  4:27  Observer (Chrono Boost), Assimilator  
  48  4:31  Assimilator  
  50  4:34  Probe  
  50  4:36  Probe  
  52  4:38  Pylon  
  52  4:40  Stalker  
  54  4:56  Probe  
  54  4:57  Observer, Probe  
  57  5:05  Robotics Bay  
  57  5:08  Gateway  
  57  5:09  Probe x2  
  57  5:10  Gateway  
  58  5:18  Observer  
  59  5:25  Nexus  
  59  5:26  Pylon  
  59  5:35  Probe x2  
  61  5:40  Charge (Chrono Boost), Gateway  
  61  5:41  Gateway  
  62  5:45  Pylon  
  61  5:53  Probe x2  
  56  6:01  Zealot  
  56  6:02  Colossus (Chrono Boost), Zealot  
  60  6:05  Probe x2, Shield Battery  
  68  6:16  Gateway  
  68  6:17  Probe x2  
  68  6:18  Gateway  
  70  6:20  Zealot  
  70  6:23  Zealot  
  72  6:39  Probe x2  
  73  6:42  Probe  
  74  6:49  Zealot x3  
  74  6:51  Probe x2  
  82  6:58  Zealot x3  
  88  7:08  Shield Battery  
  88  7:14  Zealot x2  
  92  7:18  Pylon  
  92  7:20  Pylon  
  92  7:22  Pylon  
  92  7:35  Colossus (Chrono Boost)  
  92  7:36  Zealot  
  97  7:37  Zealot x2  
  96  7:45  Zealot x3  
  88  7:52  Zealot x2  
  83  8:04  Zealot x3  
  83  8:05  Zealot  
  68  8:10  Zealot x2  
  64  8:20  Probe x2  
  64  8:32  Probe (Chrono Boost)  
  53  8:36  Stalker x2  
  53  8:39  Probe (Chrono Boost)  
  54  8:48  Stalker  
  56  8:50  Zealot  
Show
View Real Time Build Order
Export as new Build Order

BabyMarine Terran - Winner!

Build Orders: Reaper Expand 

Get SALT Encoding   

  12  0:00  SCV  
  13  0:12  SCV  
  14  0:17  Supply Depot  
  14  0:24  SCV  
  15  0:39  SCV  
  15  0:40  Barracks  
  16  0:43  Refinery  
  16  0:51  SCV  
  17  1:03  SCV  
  18  1:15  SCV  
  19  1:28  Orbital Command, Reaper  
  20  1:45  Command Center  
  20  1:56  Supply Depot  
  20  1:57  SCV  
  21  2:06  Marine  
  22  2:09  SCV  
  22  2:14  Factory  
  23  2:24  SCV  
  23  2:26  Bunker, Barracks Reactor  
  24  2:38  SCV  
  25  2:50  SCV  
  25  2:52  Refinery  
  25  2:57  Hellion, Starport  
  27  2:58  Orbital Command  
  27  3:02  Marine  
  27  3:04  Marine  
  29  3:08  SCV  
  30  3:18  Widow Mine  
  32  3:20  SCV, Marine  
  32  3:22  Marine  
  32  3:24  SCV  
  36  3:32  SCV  
  36  3:33  Medivac  
  39  3:36  SCV  
  39  3:40  Supply Depot, Widow Mine  
  42  3:42  Marine  
  42  3:43  Marine  
  42  3:45  SCV  
  45  3:52  SCV  
  44  3:57  SCV, Supply Depot  
  44  4:00  Marine  
  44  4:02  Factory Tech Lab  
  46  4:03  Barracks  
  46  4:05  Starport Tech Lab  
  46  4:08  SCV  
  46  4:09  SCV  
  48  4:18  Marine  
  48  4:19  Marine  
  48  4:20  SCV  
  48  4:21  SCV  
  48  4:22  Barracks, Siege Tank  
  55  4:27  Supply Depot  
  55  4:32  SCV  
  55  4:33  SCV  
  57  4:40  Engineering Bay  
  57  4:41  Refinery, Marine  
  57  4:44  Starport Reactor, SCV, Marine  
  60  4:49  SCV, Supply Depot  
  61  4:54  Siege Tank  
  61  4:58  SCV  
  65  5:00  Stimpack  
  65  5:01  Marine  
  65  5:02  Marine x2  
  68  5:11  SCV x2  
  70  5:14  Refinery  
  70  5:17  Supply Depot  
  69  5:22  Marine x2  
  69  5:23  SCV, Marauder  
  74  5:28  SCV  
  74  5:29  Terran Infantry Weapons Level 1  
  74  5:31  Marine  
  74  5:33  Factory Reactor  
  76  5:35  SCV  
  76  5:36  Combat Shield  
  76  5:40  SCV, Marine  
  79  5:45  Marauder  
  79  5:48  SCV  
  79  5:49  Marauder  
  84  5:53  SCV  
  85  5:57  Supply Depot  
  85  5:58  Supply Depot  
  85  5:59  Supply Depot, Marine  
  86  6:11  SCV x2, Marauder, Widow Mine x2  
  94  6:19  Medivac x2, Marine, Marauder  
  94  6:23  Marine  
  102  6:26  Command Center  
  102  6:34  SCV, Marauder  
  102  6:35  Widow Mine x2  
  102  6:37  Marine  
  106  6:42  Marine, Marauder  
  106  6:46  Concussive Shells  
  109  6:55  Barracks  
  109  6:56  Barracks, SCV, Marauder, Widow Mine x2  
  109  6:59  Marine  
  117  7:07  Supply Depot  
  117  7:08  Supply Depot  
  117  7:09  Marine  
  117  7:10  Supply Depot  
  118  7:16  Medivac  
  118  7:17  Medivac  
  122  7:30  Marine  
  122  7:31  Marauder  
  122  7:36  SCV  
  124  7:46  Marine x2, Marauder  
  122  7:52  SCV x2, Marauder  
  122  7:53  Widow Mine x2  
  122  7:54  Barracks Reactor  
  122  7:55  Orbital Command  
  128  8:05  Marine x2, Medivac x2  
  131  8:07  Barracks Tech Lab  
  131  8:10  SCV x2  
  130  8:13  Marine  
  130  8:14  Marauder  
  130  8:16  Orbital Command  
  130  8:18  Armory  
  133  8:20  Engineering Bay  
  133  8:25  Widow Mine  
  135  8:28  Orbital Command  
  135  8:29  SCV  
  135  8:32  Marine x2  
  135  8:33  Marauder  
  131  8:34  Marine x2  
  131  8:35  Medivac x2  
  137  8:43  Widow Mine  
  137  8:45  Marine  
  137  8:46  Marine  

Tags
 
Add a new tag
Caveats
  • Supply blocks, unpowered buildings, or Contaminate may cause inaccurate times.
  • Supply counts are checked every 10 seconds.